 Dungeon Crawl Stone Soup version 0.30-a0-365-ge7f957f1db (webtiles) character file.

Game seed: 16303273305696905106

14 vineage the Trooper (level 2, 0/20 HPs)
             Began as a Gargoyle Fighter on Nov 16, 2022.
             Slain by a goblin
             ... wielding a +1 dagger of venom
              (3 damage)
             ... on level 1 of the Dungeon.
             The game lasted 00:00:26 (231 turns).

vineage the Trooper (Gargoyle Fighter)               Turns: 231, Time: 00:00:26

Health: 0/20       AC: 11    Str: 19    XL:     2   Next: 41%
Magic:  2/2        EV:  7    Int: 14    God:
Gold:   9          SH:  4    Dex:  9    Spells: 1/1 levels left

rFire   . . .      SeeInvis .    a - +0 flail
rCold   . . .      Faith    .    c - +0 buckler
rNeg    + . .      Spirit   .    e - +0 chain mail
rPois   ∞          Reflect  .    (no helmet)
rElec   +          Harm     .    (no cloak)
rCorr   .          Rampage  .    (no gloves)
Will    .....                    (no boots)
Stlth   ..........               (no amulet)
HPRegen 0.23/turn                f - +6 ring of intelligence
MPRegen 0.08/turn                (no ring)

@: no status effects
A: sickness immunity, AC +2, negative energy resistance 1, electricity
resistance, torment resistance 1, petrification resistance
a: no special abilities


You were on level 1 of the Dungeon.
You visited 1 branch of the dungeon, and saw 1 of its levels.

You collected 9 gold pieces.

Inventory:

Hand Weapons
 a - a +0 flail (weapon)
Armour
 b - a +0 scale mail
 c - a +0 buckler (worn)
 e - a +0 chain mail (worn)
Jewellery
 f - a +6 ring of intelligence (left hand)
Scrolls
 g - a scroll of enchant armour {unknown}
 h - a scroll of vulnerability {unknown}
 i - a scroll of identify {unknown}
Potions
 d - a potion of might
 j - a potion of curing {unknown}


   Skills:
 * Level 4.1 Fighting
 - Level 2.0 Maces & Flails
 - Level 3.2 Armour
 - Level 3.2 Shields


You had one spell level left.
You didn't know any spells.
Your spell library was empty.

Dungeon Overview and Level Annotations

Branches:
Dungeon (1/15)

Altars:

Annotations:
D:1 1 runed translucent door


Innate Abilities, Weirdness & Mutations

You are immune to sickness and miasma.
Your stone body is resilient. (AC +2)
You are immune to poison.
You resist negative energy. (rN+)
You are resistant to electric shocks. (rElec)
You are resistant to unholy torment.
You are immune to petrification.


Message History

Found 5 stones.
The frilled lizard hisses angrily.
You hear a shout!
A rat comes into view.
There are monsters nearby!
There are monsters nearby!
A dart slug comes into view.
Found a leather armour.
A gnoll comes into view. It is wielding a +0 flail.
Found a pink potion.
The dart slug launches a dart at you. The slug dart hits you.
A goblin comes into view. It is wielding a +1 dagger of venom.
You closely miss the frilled lizard. The frilled lizard barely misses you.
You closely miss the frilled lizard.
The frilled lizard bites you but does no damage.
You closely miss the rat. You block the rat's attack.
You block the frilled lizard's attack.
You barely miss the rat. The rat bites you but does no damage.
The frilled lizard bites you but does no damage.
The rat bites you. The gnoll barely misses you.
The frilled lizard bites you but does no damage.
You barely miss the gnoll. The rat bites you but does no damage.
The frilled lizard closely misses you. You block the gnoll's attack.
A dart slug comes into view.
You hit the gnoll.
The gnoll is heavily wounded.
The rat bites you but does no damage.
The frilled lizard bites you but does no damage.
The gnoll hits you with a +0 flail. You block the goblin's attack.
You hit the gnoll.
The gnoll is severely wounded.
You block the rat's attack. You block the frilled lizard's attack.
The gnoll hits you with a +0 flail! You block the goblin's attack.
The rat barely misses you. The frilled lizard barely misses you.
The goblin hits you with a +1 dagger of venom.
The gnoll hits you with a +0 flail.
* * * LOW HITPOINT WARNING * * *
The dart slug bites you but does no damage.
The goblin hits you with a +1 dagger of venom.
You die...

#+#######'###.........#
......................#
.......#######........#
............##.....####
######...##.##.....#
###..#.##.....#
##.#..'.....##
#.#..#......#
#....###@w..# ###>##
#rg..# ### #.lg......
+......... #.........
#...(..... #.....w...
#.......[. #.......!.


You could see a gnoll, 2 dart slugs, a goblin, a frilled lizard and a rat.

Vanquished Creatures
  2 ball pythons (D:1)
  A goblin (D:1)
  2 hobgoblins (D:1)
  3 jackals (D:1)
  A quokka (D:1)
  2 bats (D:1)
11 creatures vanquished.

Notes
Turn   | Place    | Note
-------+----------+-------------------------------------------
     0 | D:1      | vineage the Gargoyle Fighter began the quest for the Orb.
     0 | D:1      | Reached XP level 1. HP: 14/14 MP: 1/1
     1 | D:1      | Found a runed translucent door.
    49 | D:1      | Reached XP level 2. HP: 20/20 MP: 2/2
    81 | D:1      | Reached skill level 4 in Fighting
   231 | D:1      | Slain by a goblin

Illustrated notes

Levels and vault maps discovered:
D:1:      dpeg_arrival_caged_fury, layout_basic

Skill      XL: |  1  2 |
---------------+-------+-----
Fighting       | 4 |  4.1
Maces & Flails | |  2.0
Armour         | |  3.2
Shields        | |  3.2

Action                   || total
-------------------------++-------
Melee: Flail             ||    43
Armor: Scale mail        ||    26
       Chain mail        ||    19
Dodge: Dodged            ||    37
Block: Buckler           ||    17

Table legend: (Time is in decaauts)
 A = Elapsed time spent in this place.
 B = Non-inter-level travel time spent in this place.
 C = Inter-level travel time spent in this place.
 D = Time resting spent in this place.
 E = Time spent auto-exploring this place.
 F = Levels seen in this place.
 G = Mean time per level.
                   A        B        C        D        E       F      G
               +--------+--------+--------+--------+--------+-----+--------+
         Total |    245 |    240 |      5 |      0 |    138 |   1 |  245.0 |
       Dungeon |    245 |    240 |      5 |      0 |    138 |   1 |  245.0 |
               +--------+--------+--------+--------+--------+-----+--------+

Top non-repeatable levels by time:
     D:1: 245 daAuts
